 Dungeon Crawl Stone Soup version 0.27.0-1-g7a089689b8 (webtiles) character file.

Game seed: 137641443333343142

1467 wakim the Frost Mage (level 8, -3/43 (48) HPs)
             Began as a Deep Elf Ice Elementalist on July 31, 2021.
             Slain by a wight (5 damage)
             ... on level 6 of the Dungeon on Aug 1, 2021.
             The game lasted 00:24:37 (7152 turns).

wakim the Frost Mage (Deep Elf Ice Elementalist)    Turns: 7152, Time: 00:24:37

HP:   -3/43 (48)    AC:  4    Str:  5    XL:     8   Next: 48%
MP:   16/16         EV: 15    Int: 23    God:
Gold: 222           SH:  0    Dex: 15    Spells: 8/15 levels left

rFire    . . .     SeeInvis .   b - +2 mace
rCold    . . .     Faith    .   (no shield)
rNeg     + . .     Spirit   .   i - +0 robe
rPois    .         Reflect  .   (no helmet)
rElec    .         Harm     .   h - +1 cloak
rCorr    .         Rampage  .   (no gloves)
Will     .....                  (no boots)
Stlth    +++.......             (no amulet)
HPRegen  0.14/turn              d - ring of positive energy
MPRegen  0.15/turn              g - ring of wizardry

@: about to teleport, heavily drained
A: no striking features
a: no special abilities


You were on level 6 of the Dungeon.
You visited 1 branch of the dungeon, and saw 6 of its levels.

You collected 222 gold pieces.

Inventory:

Hand Weapons
 a - a +4 war axe
 b - a +2 mace (weapon)
Armour
 h - a +1 cloak (worn)
 i - a +0 robe (worn)
Jewellery
 d - a ring of positive energy (left hand)
 g - a ring of wizardry (right hand)
 l - a ring of fire
Wands
 w - a wand of acid (11)
Scrolls
 c - a scroll of torment {unknown}
 j - 4 scrolls of enchant weapon
 T - a scroll of teleportation
Potions
 e - 2 potions of attraction {unknown}
 f - a potion of might {unknown}
 k - a potion of resistance {unknown}
 m - a potion of cancellation {unknown}
 F - 4 potions of curing
 G - 3 potions of flight
 M - 2 potions of mutation {!q}


   Skills:
 + Level 4.1 Fighting
 + Level 7.2 Dodging
 - Level 4.0 Stealth
 - Level 4.0 Spellcasting
 - Level 8.0 Ice Magic
 * Level 2.0 Evocations


You had 8 spell levels left.
You knew the following spells:

 Your Spells              Type           Power      Damage    Failure   Level
a - Freeze                Ice            100%       1d11      1%          1
b - Frozen Ramparts       Ice            82%        1d10      1%          3
c - Ozocubu's Armour      Ice            41%        N/A       1%          3

Your spell library contained the following spells:

 Spells                   Type           Power      Damage    Failure   Level
 Beastly Appendage        Tmut           8%         N/A       4%          1
 Sublimation of Blood     Necr           2%         N/A       6%          2
 Wereblood                Tmut           4%         N/A       6%          2
 Hailstorm                Conj/Ice       23%        3d7       9%          4
 Spider Form              Tmut/Pois      2%         N/A       12%         3
 Petrify                  Tmut/Erth      4%         N/A       38%         4
 Irradiate                Conj/Tmut      2%         3d14      71%         5


Dungeon Overview and Level Annotations

Branches:
Dungeon (6/15)
 Temple: D:4-7

Altars:
Fedhas

Shops:
D:2 !::   D:4 (

Annotations:
D:4 1 runed translucent door, cykeltillsalu's ghost, amateur BaAE


Message History

You hit the wight.
The wight is moderately damaged.
The wight hits you with a +5 falchion of freezing.
You partially resist.
You feel drained. The wight freezes you.
You hit the wight but do no damage.
The wight is moderately damaged.
The wight hits you with a +5 falchion of freezing.
The wight freezes you.
You hit the wight but do no damage.
The wight is moderately damaged.
The wight hits you but does no damage. The wight closely misses you.
You closely miss the wight.
The wight is moderately damaged.
The wight misses you.
You closely miss the wight.
The wight is moderately damaged.
The wight hits you but does no damage.
Okay, then.
You closely miss the wight.
The wight is moderately damaged.
The wight hits you with a +5 falchion of freezing.
The wight freezes you.
The wight hits you with a +5 falchion of freezing.
You partially resist.
You feel drained. The wight freezes you.
You hit the wight.
The wight is moderately damaged.
The wight hits you with a +5 falchion of freezing!
* * * LOW HITPOINT WARNING * * *
The wight freezes you.
* * * LOW HITPOINT WARNING * * *
Your icy armour will break if you move.
Continue?
Uppercase [Y]es or [N]o only, please.
Your icy armour will break if you move.
Continue?
Your icy armour cracks and falls away as you move.
As you read the scroll of teleportation, it crumbles to dust.
You feel strangely unstable.
The wight hits you with a +5 falchion of freezing!
* * * LOW HITPOINT WARNING * * *
The wight freezes you.
You die...

...#.#######.##
.###.......#..#
.#########.##.##
.#<.# ###.##..#
.##.# #...###.##
.##.# #.### #..#
....# #.# ##.# #####
#.# #.## ###.# #.@#
#...#######z##
##.......# #..#
#........# ##.#
#.#####..# #[## #
#...#....####).#
+###
....###.#.#.##.....#
≈≈≈#
#.......[#.##.##..#
≈≈≈#
#...#####.#.##.##..#
≈≈≈#


You could see a wight.

Vanquished Creatures
  Sigmund (D:2)
  A water moccasin (D:5)
  A black bear (D:5)
  2 ogres
  A bullfrog (D:6)
  A wight (D:6)
  A crimson imp (D:5)
  A bullfrog zombie (D:5)
  4 orc priests
  A hound (D:5)
  4 jellies
  Jessica (D:2)
  Natasha (thrice) (D:2)
  5 iguanas
  2 orc wizards
  3 gnolls (D:5)
  6 adders
  2 white imps (D:5)
  An ufetubus (D:5)
  2 adder skeletons (D:4)
  2 worms (D:3)
  2 dart slugs (D:4)
  20 orcs
  6 bats
  4 endoplasms
  2 giant cockroaches
  7 goblins
  8 hobgoblins
  14 jackals
  2 kobolds
  A quokka (D:3)
  4 ball pythons
  6 frilled lizards
  8 rats
129 creatures vanquished.

Notes
Turn   | Place    | Note
-------+----------+-------------------------------------------
     0 | D:1      | wakim the Deep Elf Ice Elementalist began the quest for the
                  | Orb.
     0 | D:1      | Reached XP level 1. HP: 10/10 MP: 6/6
   237 | D:1      | Found Ryenaps's Book Boutique.
   459 | D:1      | Reached XP level 2. HP: 15/15 MP: 4/8
   610 | D:1      | Found a faded altar of an unknown god.
   905 | D:2      | Reached skill level 5 in Ice Magic
  1031 | D:2      | Found Vawotte's Distillery.
  1275 | D:2      | Found Rimmeen's Book Boutique.
  1328 | D:2      | Noticed Natasha
  1329 | D:2      | Found Kugifyc's Book Boutique.
  1334 | D:2      | Killed Natasha
  1335 | D:2      | Reached XP level 3. HP: 19/19 MP: 6/9
  1342 | D:2      | Learned a level 3 spell: Frozen Ramparts
  1346 | D:2      | Learned a level 3 spell: Ozocubu's Armour
  1618 | D:2      | Noticed Natasha
  1626 | D:2      | Killed Natasha
  1627 | D:2      | Reached XP level 4. HP: 24/24 MP: 4/10
  1708 | D:2      | Reached skill level 6 in Ice Magic
  1713 | D:2      | Reached XP level 5. HP: 28/28 MP: 7/11
  1785 | D:2      | Noticed Jessica
  1803 | D:2      | Killed Jessica
  1814 | D:2      | Noticed Natasha
  1822 | D:2      | Killed Natasha
  2154 | D:2      | Noticed Sigmund
  2160 | D:2      | Killed Sigmund
  2161 | D:2      | Reached skill level 5 in Dodging
  2161 | D:2      | Reached skill level 7 in Ice Magic
  2161 | D:2      | Reached XP level 6. HP: 15/32 MP: 5/12
  2509 | D:3      | Found a blossoming altar of Fedhas.
  3766 | D:4      | Found Zururhiz's Weapon Boutique.
  3938 | D:4      | Reached skill level 8 in Ice Magic
  3941 | D:4      | Reached XP level 7. HP: 29/36 MP: 7/15
  4163 | D:4      | Reached skill level 1 in Fighting
  4373 | D:4      | Found a runed translucent door.
  4374 | D:4      | Noticed cykeltillsalu's ghost (amateur BaAE)
  4789 | D:5      | Entered Level 5 of the Dungeon
  5884 | D:5      | Reached XP level 8. HP: 43/45 MP: 10/16
  6714 | D:6      | Reached skill level 1 in Evocations
  7152 | D:6      | HP: 2/43 [wight (10)]
  7152 | D:6      | Slain by a wight

Illustrated notes

Levels and vault maps discovered:
D:1:      dpeg_arrival_castle, layout_rooms, serial_shops, shop,
          chequers_ecumenical_altar_island, minmay_distorted
D:2:      layout_loops_corners, serial_shops, nicolae_square_shop,
          nicolae_shop_statue_plus, shop, uniq_sigmund, uniq_jessica,
          uniq_natasha
D:3:      layout_basic, mainiacjoe_overflow_concentric_impassable,
          minmay_misc_feat_plants, fountainhead
D:4:      layout_loops_cross, ebering_ghost_reflecting_pool, serial_shops,
          nicolae_stop_n_shop_1
D:5:      layout_cave_pools, minmay_fire_ice_demons
D:6:      layout_basic, nicolae_ru_the_path_less_chosen,
          minmay_temple_entry_crystal_x, serial_rivers,
          chequers_serial_rivers_micro_e, chequers_serial_rivers_room_b,
          chequers_serial_rivers_small_b, chequers_serial_rivers_small_3,
          chequers_serial_rivers_room_b, chequers_serial_rivers_micro_e

Skill      XL: |  1  2  3  4  5  6  7  8 |
---------------+-------------------------+-----
Ice Magic      | 5 6 7 8 |  8.0
Dodging        | 3 4 5 6 7 |  7.2
Spellcasting   | 4 |  4.0
Stealth        | 4 |  4.0
Fighting       | 2 4 |  4.1
Evocations     | 2 |  2.0

Action                   |  1- 3 |  4- 6 |  7- 9 || total
-------------------------+-------+-------+-------++-------
Melee: Unarmed           |     1 |     1 |       ||     2
       Dagger            |       |     7 |    52 ||    59
       War axe           |       |       |    35 ||    35
       Mace              |       |       |     7 ||     7
 Cast: Freeze            |    44 |     6 |     2 ||    52
       Frozen Ramparts   |     1 |    30 |    29 ||    60
       Ozocubu's Armour  |       |     1 |    13 ||    14
  Use: Scroll            |     2 |     5 |     5 ||    12
       Potion            |       |       |     2 ||     2
 Stab: Sleeping          |       |       |     1 ||     1
Armor: Robe              |     3 |     2 |    27 ||    32
Dodge: Dodged            |    25 |    23 |    63 ||   111
